 Dungeon Crawl Stone Soup version 0.19.0-2-gae57169 (webtiles) character file.

147695 dobroeutro the Markscentaur (level 16, 0/151 HPs)
             Began as a Centaur Hunter on Nov 5, 2016.
             Was the Champion of Okawaru.
             Shot with a bolt by a naga sharpshooter (4 damage)
             ... on level 4 of the Snake Pit.
             The game lasted 01:08:29 (31966 turns).

dobroeutro the Markscentaur (Centaur Hunter)       Turns: 31966, Time: 01:08:30

Health: 0/151      AC: 29    Str: 26    XL:     16   Next: 92%
Magic:  10/16      EV: 15    Int: 14    God:    Okawaru [******]
Gold:   2596       SH:  0    Dex: 18    Spells: 0 memorised, 15 levels left

rFire  . . .     SeeInvis .     U - +8 longbow (flame)
rCold  . . .     Gourm    .     D - +5 ring mail of the Will of the Gods {Int+4 Slay+3}
rNeg   + . .     Faith    .     (shield currently unavailable)
rPois  +         Spirit   .     l - +1 helmet
rElec  .         Reflect  .     v - +0 cloak
rCorr  .         Harm     .     L - +2 pair of gloves {Dex+3}
MR     ++...     Clarity  +     E - +3 centaur barding of the Gravedigger {+Inv rPois Dex+3}
Stlth  +.........               X - amulet of regeneration
                                t - ring of positive energy
                                K - +4 ring of strength

@: very slightly contaminated, very quick
A: hooves 3, clarity, deformed body, speed 2, magic resistance 1, poison
resistance, strong 1, tough skin 3
a: Heroism, Finesse, Renounce Religion, Evoke Invisibility


You were on level 4 of the Snake Pit.
You worshipped Okawaru.
Okawaru was exalted by your worship.
You were not hungry.

You visited 4 branches of the dungeon, and saw 24 of its levels.
You also visited: Labyrinth, Trove and Sewer.

You collected 2596 gold pieces.

Inventory:

Hand Weapons
 C - a +4 morningstar
 G - the +5 great mace "Ladaasyll" {chaos, MR+, unknown}
   (Okawaru gifted it to you on level 4 of the Snake Pit)

   Each time it hits an enemy it has a different, random effect.
   It affects your resistance to hostile enchantments.
 S - the +2 longbow of Eternal Vigilance {velocity, +Blink rElec Dex+3 Stlth+}
   (Okawaru gifted it to you on level 10 of the Dungeon)

   Any arrow fired from it inflicts extra damage.
   It affects your dexterity (+3).
   It insulates you from electricity.
   It lets you blink.
   It makes you more stealthy.
 U - a +8 longbow of flaming (weapon)
 W - a +5 longbow of velocity
Missiles
 d - 460 arrows (quivered)
Armour
 l - a +1 helmet (worn)
 v - a +0 cloak (worn)
 D - the +5 ring mail of the Will of the Gods (worn) {Int+4 Slay+3}
   (You found it on level 12 of the Dungeon)

   It affects your intelligence (+4).
   It affects your accuracy and damage with ranged weapons and melee attacks
   (+3).
 E - the +3 centaur barding of the Gravedigger (worn) {+Inv rPois Dex+3}
   (Okawaru gifted it to you on level 2 of the Lair of Beasts)

   It affects your dexterity (+3).
   It protects you from poison.
   It lets you turn invisible.
 L - a +2 pair of gloves of dexterity (worn)
 Z - a +1 hat
Rods
 i - a +4 rod of ignition (10/10)
   (You found it on level 3 of the Lair of Beasts)
 m - a +3 rod of clouds (13/13)
   (You found it in a labyrinth)
Jewellery
 e - the amulet of Rotolip {Inacc Str+3 Int+4 SInv}
   (You found it on level 3 of the Snake Pit)

   [amulet of inaccuracy]

   It reduces the accuracy of all your attacks.
   It affects your strength (+3).
   It affects your intelligence (+4).
   It lets you see invisible.
 t - a ring of positive energy (right hand)
 K - a +4 ring of strength (left hand)
 X - an amulet of regeneration (around neck)
Wands
 c - a wand of disintegration (3/24)
 B - a wand of random effects (18/48)
 T - a wand of teleportation (5/9)
 V - a wand of digging (9/24)
Scrolls
 a - 9 scrolls of enchant armour
 b - a scroll of holy word {unknown}
 j - 8 scrolls of recharging
 n - 16 scrolls of identify
 s - 2 scrolls of fear
 u - 2 scrolls of teleportation
 A - 9 scrolls of remove curse
 F - 3 scrolls of magic mapping
 I - 2 scrolls of amnesia
 O - 3 scrolls of enchant weapon
Potions
 g - 9 potions of curing
 o - 3 potions of brilliance
 q - 5 potions of might
 r - 2 potions of haste
 w - 2 potions of agility
 x - a potion of flight
 J - 3 potions of cure mutation
 M - a potion of invisibility
 P - a potion of lignification
 Q - 2 potions of ambrosia
 R - a potion of berserk rage
 Y - 2 potions of mutation
Comestibles
 f - 5 bread rations
 h - 6 meat rations
 k - a slice of pizza
 z - 19 fruits
 H - a royal jelly


   Skills:
 + Level 16.0 Fighting
 - Level 6.0 Maces & Flails
 + Level 20.0 Bows
 + Level 10.9 Armour
 + Level 11.3 Dodging
 - Level 0.4 Stealth


You had 15 spell levels left.
You didn't know any spells.

Dungeon Overview and Level Annotations

Branches:
Dungeon (12/15)            Temple (0/1) D:6            Lair (6/6) D:8
 Shoals (0/4) Lair:3        Snake (4/4) Lair:2        Slime (0/5) Lair:6
    Orc (2/2) D:12            Elf (0/3) Orc:2

Altars:
Ashenzari
Makhleb
Okawaru
Trog
Vehumet
Xom
Beogh
Jiyva

Shops:
D:4 *   D:12 %   Orc:1 (   Orc:2 %*%%

Annotations:
D:11 4 runed doors
D:12 1 runed door


Innate Abilities, Weirdness & Mutations

You have hooves in place of feet.
Armour fits poorly on your strangely shaped body.
You cover ground very quickly.
You have extremely tough skin. (AC +3)
You possess an exceptional clarity of mind.
You are resistant to hostile enchantments. (MR+)
Your system is resistant to poisons. (rPois)
Your muscles are strong. (Str +2)


Message History

Press: ? - help, Dir - move target cursor, p - shock serpent You are very lightly contaminated with residual magic.
As you read the scroll of blinking, it crumbles to dust.
A naga sharpshooter comes into view. It is wielding a vampiric battleaxe.
The naga sharpshooter shouts!
The naga sharpshooter unwields an uncursed vampiric battleaxe.
The naga sharpshooter wields an uncursed runed arbalest.
It bursts into flame!
The naga sharpshooter casts a spell.
The naga sharpshooter magically shoots a bolt.
The bolt hits you.
* * * LOW HITPOINT WARNING * * *
The bolt burns you.
* * * LOW HITPOINT WARNING * * *
The naga sharpshooter spits poison at you.
The splash of poison misses you.
The naga sharpshooter shoots a bolt.
The bolt hits you!
* * * LOW HITPOINT WARNING * * *
The bolt burns you.
You die...

...............###...............
...............# ##..............
.....(........## #..............=
...............# #...####.......#
...........#...###)..# #...##..#
...............#.))..####......##
.......###.........)..##.......#
.......# ##......).........##..#
......## ##....@..........###.##
.....## ##...............##..#
....## #...............(###.#
....# #.......(..N...(......
....# ##.............)......
....## #..................##
.....# #.................###
....## ##.S..................
)...# #..........^.........:


You could see a naga sharpshooter and a shock serpent.

Vanquished Creatures
  Jorgrun (Snake:3)
  Frances (D:12)
  Gastronok (Lair:1)
  The ghost of Kenran the Executioner, an adept MiVM of Qazlal (Snake:4)
  4 nagarajas
  An orc warlord (Orc:2)
  A stone giant (Orc:2)
  A dire elephant (Lair:2)
  The ghost of CcS the Severer, a journeyman MiBe of Trog (Lair:4)
  A minotaur (Lab)
  An ettin (Orc:2)
  Snorg (D:10)
  Fannar (Lair:2)
  8 naga warriors
  2 hydras (Lair:2)
  Erica (Orc:1)
  11 anacondas
  5 death yaks
  9 shock serpents
  4 orc high priests (Orc:2)
  12 naga sharpshooters
  The ghost of Monkfish the Slicer, a novice KoBe of Trog (D:8)
  A salamander mystic (Snake:4)
  5 skeletal warriors (D:12)
  An unseen horror (D:11)
  6 hill giants
  5 sea snakes (Snake:4)
  4 lindwurms (Lair:3)
  4 naga ritualists
  The ghost of Monkfish the Slicer, a novice KoBe of Trog (D:7)
  Pikel (D:5)
  4 orc knights
  7 mana vipers
  A deep elf mage (D:10)
  An oklob plant (Lair:4)
  3 orc sorcerers (Orc:2)
  4 cyclopes
  2 ugly things (D:12)
  9 salamanders
  The ghost of tv1990 the Cleaver, a novice FoBe of Trog (D:6)
  28 elephants
  24 black mambas
  3 guardian serpents
  18 naga magi
  26 spiny frogs
  A gargoyle (D:12)
  A rime drake (Lair:5)
  A torpor snail (Lair:6)
  6 komodo dragons
  6 trolls
  A merfolk (Lair:3)
  A hornet (D:6)
  13 blink frogs
  3 tyrant leeches (Lair:6)
  4 two-headed ogres (Orc:2)
  9 dream sheep
  5 hippogriffs
  2 spriggans
  2 hungry ghosts
  21 yaks
  A wyvern (Lair:5)
  7 vampire mosquitoes
  Menkaure (D:7)
  51 nagas
  6 wargs
  9 water moccasins
  9 porcupines
  4 ice beasts
  A sky beast (D:11)
  2 black bears (D:9)
  41 orc warriors
  5 phantoms
  An eye of draining (D:12)
  2 necrophages
  17 ogres
  16 wolves
  9 centaurs
  3 big kobolds
  15 crocodiles
  Blork the orc (D:6)
  27 bullfrogs
  A wyvern zombie (D:8)
  A water moccasin zombie (D:6)
  A wyvern skeleton (D:8)
  4 scorpions
  15 killer bees
  2 howler monkeys
  2 electric eels (Lair:6)
  4 crimson imps
  A quasit (D:11)
  5 hounds
  A gnoll shaman (D:8)
  34 orc priests
  4 jellies
  Crazy Yiuf (D:5)
  2 centaur skeletons
  3 iguanas
  A bullfrog skeleton (D:7)
  5 worker ants
  17 orc wizards
  A hound zombie (D:8)
  2 hound skeletons (D:8)
  Robin (D:2)
  A howler monkey zombie (D:5)
  13 adders
  17 gnolls
  4 river rats (D:4)
  3 shadow imps
  An ooze (D:4)
  An adder zombie (D:9)
  2 worms
  3 dart slugs
  6 leopard geckos
  111 orcs
  A ball python (D:2)
  4 giant cockroaches
  16 goblins
  5 hobgoblins
  13 jackals
  5 quokkas
  13 bats
  11 frilled lizards
  A jackal zombie (D:5)
  14 kobolds
  A leopard gecko skeleton (D:7)
  11 rats
  3 fungi
  A plant (Lair:6)
901 creatures vanquished.

Vanquished Creatures (collateral kills)
  2 wolves (Lair:1)
  An electric eel (Lair:1)
  A plant (Lair:1)
4 creatures vanquished.

Vanquished Creatures (others)
  The ghost of dysrexia the Chiller, a novice KoIE of Ru (D:5)
  A crimson imp (D:5)
  An iguana (D:4)
  An adder skeleton (D:5)
  A worm (D:4)
  3 orcs
  A giant cockroach (D:4)
  8 fungi (Lair:2)
  48 plants
65 creatures vanquished.

Grand Total: 970 creatures vanquished

Notes
Turn   | Place    | Note
-------+----------+-------------------------------------------
     0 | D:1      | dobroeutro the Centaur Hunter began the quest for the Orb.
     0 | D:1      | Reached XP level 1. HP: 17/17 MP: 1/1
   136 | D:1      | Reached XP level 2. HP: 19/25 MP: 2/2
   762 | D:2      | Reached skill level 6 in Bows
   762 | D:2      | Reached XP level 3. HP: 14/30 MP: 3/3
   991 | D:2      | Noticed Robin
  1224 | D:2      | Killed Robin
  1579 | D:2      | Reached XP level 4. HP: 22/38 MP: 4/4
  2177 | D:3      | Found an iron altar of Okawaru.
  2191 | D:3      | Became a worshipper of Warmaster Okawaru
  2343 | D:3      | Reached XP level 5. HP: 37/46 MP: 5/5
  2710 | D:4      | Reached skill level 7 in Bows
  2735 | D:4      | Found a glowing drain.
  2743 | Sewer    | Entered a sewer
  2871 | Sewer    | Noticed a crocodile
  2903 | Sewer    | Killed a crocodile
  2903 | Sewer    | Reached XP level 6. HP: 16/55 MP: 6/6
  3244 | D:4      | Reached skill level 5 in Fighting
  3310 | D:4      | Reached skill level 8 in Bows
  3368 | D:4      | Reached * piety under Okawaru
  3542 | D:4      | Found a shimmering altar of Xom.
  3662 | D:4      | Reached XP level 7. HP: 44/62 MP: 7/7
  3833 | D:4      | Found Conin's General Store.
  3943 | D:5      | Entered Level 5 of the Dungeon
  4290 | D:5      | Noticed dysrexia's ghost (novice KoIE)
  4659 | D:5      | Reached skill level 9 in Bows
  5433 | D:5      | Noticed Pikel
  5467 | D:5      | Killed Pikel
  5467 | D:5      | Reached skill level 10 in Bows
  5467 | D:5      | Reached XP level 8. HP: 34/73 MP: 8/8
  5723 | D:5      | Killed dysrexia's ghost
  5737 | D:5      | Reached ** piety under Okawaru
  5862 | D:5      | Reached skill level 11 in Bows
  6101 | D:5      | Found a runed door.
  6105 | D:5      | Noticed Crazy Yiuf
  6112 | D:5      | Killed Crazy Yiuf
  6185 | D:6      | Found a burning altar of Makhleb.
  6216 | D:6      | Noticed tv1990's ghost (novice FoBe)
  6247 | D:6      | Killed tv1990's ghost
  6453 | D:6      | Reached XP level 9. HP: 82/82 MP: 9/9
  6491 | D:6      | Found a staircase to the Ecumenical Temple.
  6534 | D:6      | Found a radiant altar of Vehumet.
  6557 | D:6      | Noticed Blork the orc
  6575 | D:6      | Killed Blork the orc
  6575 | D:6      | Reached skill level 12 in Bows
  6670 | D:6      | Reached *** piety under Okawaru
  7035 | D:6      | Reached skill level 1 in Maces & Flails
  7098 | D:7      | Noticed Monkfish's ghost (novice KoBe)
  7400 | D:6      | Reached skill level 1 in Armour
  7761 | D:7      | Noticed Menkaure
  7980 | D:7      | Killed Menkaure
  8416 | D:7      | Killed Monkfish's ghost
  8416 | D:7      | Received a gift from Okawaru
  8416 | D:7      | Reached XP level 10. HP: 62/91 MP: 10/10
  9047 | D:6      | Reached **** piety under Okawaru
  9602 | D:8      | Found a staircase to the Lair.
  9602 | D:8      | Noticed an elephant
  9602 | D:8      | Noticed a death yak
  9663 | D:8      | Killed a death yak
  9663 | D:8      | Reached skill level 10 in Fighting
  9663 | D:8      | Reached skill level 13 in Bows
  9732 | D:8      | Killed an elephant
  9988 | D:8      | Found a burning altar of Makhleb.
 10244 | D:8      | Noticed Monkfish's ghost (novice KoBe)
 10387 | D:8      | Killed Monkfish's ghost
 10724 | D:9      | Found a shattered altar of Ashenzari.
 10822 | D:9      | Reached ***** piety under Okawaru
 10822 | D:9      | Received a gift from Okawaru
 10887 | D:9      | Found a bloodstained altar of Trog.
 10889 | D:9      | Reached XP level 11. HP: 101/101 MP: 11/11
 11840 | D:10     | Entered Level 10 of the Dungeon
 11844 | D:10     | Noticed a hill giant
 12098 | D:10     | Noticed Snorg
 12167 | D:10     | Killed Snorg
 12167 | D:10     | Reached skill level 5 in Maces & Flails
 12186 | D:10     | Killed a hill giant
 12615 | D:10     | Noticed a deep elf mage
 12624 | D:10     | Killed a deep elf mage
 12624 | D:10     | Received a gift from Okawaru
 12663 | D:10     | Reached skill level 5 in Dodging
 12812 | D:10     | Received a gift from Okawaru
 12813 | D:10     | Got a smoking longbow {god gift}
 12814 | D:10     | Identified the +2 longbow of Eternal Vigilance {velocity, +Blink rElec Dex+3 Stlth+} (Okawaru gifted it to you on level 10 of the Dungeon)
 12816 | D:10     | Noticed a hill giant
 12822 | D:10     | Killed a hill giant
 12822 | D:10     | Reached skill level 14 in Bows
 12935 | D:10     | Noticed a hill giant
 12941 | D:10     | Killed a hill giant
 13026 | D:11     | Found a portal to a secret trove of treasure.
 13030 | D:11     | Noticed a hill giant
 13033 | D:11     | Killed a hill giant
 13039 | D:11     | Killed an unseen horror
 13056 | Trove    | Entered a treasure trove
 13080 | Trove    | Got a brightly glowing scimitar
 13313 | D:11     | Gained mutation: You are resistant to hostile enchantments. (MR+) [mutagenic meat]
 13314 | D:11     | Gained mutation: Scrolls take you a little longer to read. [mutagenic meat]
 13315 | D:11     | Lost mutation: Scrolls take you a little longer to read. [mutagenic meat]
 13316 | D:11     | Gained mutation: Your mind is acute. (Int +2) [mutagenic meat]
 13317 | D:11     | Gained mutation: You possess an exceptional clarity of mind. [mutagenic meat]
 13468 | D:11     | Noticed a hill giant
 13477 | D:11     | Killed a hill giant
 13533 | D:11     | Found a huge runed gate.
 13533 | D:11     | Found a huge runed gate.
 13533 | D:11     | Found a huge runed gate.
 13533 | D:11     | Found a huge runed gate.
 13534 | D:11     | Noticed a death yak
 13757 | D:12     | Reached skill level 5 in Armour
 13761 | D:12     | Reached XP level 12. HP: 99/110 MP: 12/12
 13786 | D:12     | Got a shimmering ring mail
 13799 | D:12     | Identified the +5 ring mail of the Will of the Gods {Int+4 Slay+3} (You found it on level 12 of the Dungeon)
 14124 | D:12     | Found a runed door.
 14276 | D:12     | Gained mutation: Your muscles are strong. (Str +2) [mutagenic meat]
 14302 | D:12     | Reached skill level 15 in Bows
 14310 | D:12     | Received a gift from Okawaru
 14844 | D:12     | Noticed Frances
 14859 | D:12     | Killed Frances
 15156 | D:12     | Found Dipust's Food Shop.
 15266 | D:12     | Gained mutation: You are agile. (Dex +2) [mutagenic meat]
 15267 | D:12     | Lost mutation: You are agile. (Dex +2) [mutagenic meat]
 15268 | D:12     | Gained mutation: Your system is resistant to poisons. (rPois) [mutagenic meat]
 15334 | D:12     | Found a staircase to the Orcish Mines.
 15547 | Lair:1   | Entered Level 1 of the Lair of Beasts
 16209 | Lair:1   | Noticed Gastronok
 16217 | Lair:1   | Killed Gastronok
 16217 | Lair:1   | Received a gift from Okawaru
 16293 | Lair:1   | Reached XP level 13. HP: 118/118 MP: 13/13
 16890 | Lair:2   | Received a gift from Okawaru
 16899 | Lair:2   | Got a bloodstained centaur barding {god gift}
 16905 | Lair:2   | Identified the +3 centaur barding of the Gravedigger {+Inv rPois Dex+3} (Okawaru gifted it to you on level 2 of the Lair of Beasts)
 16988 | Lair:2   | Reached skill level 16 in Bows
 17370 | Lair:2   | Found a staircase to the Snake Pit.
 17455 | Lair:2   | Noticed Fannar
 17458 | Lair:2   | Killed Fannar
 17680 | Lair:2   | Noticed a dire elephant
 17697 | Lair:2   | Killed a dire elephant
 17697 | Lair:2   | Received a gift from Okawaru
 17740 | Lair:2   | Identified the +5 scimitar "Geamman" {slice, *Rage rF+ Int+4 Dex+3} (You found it in a treasure trove)
 17807 | Lair:3   | Found a labyrinth entrance.
 17816 | Lab      | Entered a labyrinth
 19118 | Lab      | Noticed a minotaur
 19123 | Lab      | Killed a minotaur
 19604 | Lair:3   | Found a staircase to the Shoals.
 19837 | Lair:3   | Received a gift from Okawaru
 20320 | Lair:3   | Identified Qabrybie's Guide on Sinister Ignition
 20372 | Lair:3   | Identified a +4 rod of ignition (10/10) (You found it on level 3 of the Lair of Beasts)
 20373 | Lair:3   | Identified a +3 rod of clouds (13/13) (You found it in a labyrinth)
 20678 | Lair:4   | Reached XP level 14. HP: 129/129 MP: 14/14
 20810 | Lair:4   | Noticed CcS's ghost (journeyman MiBe)
 20818 | Lair:4   | Killed CcS's ghost
 20946 | Lair:4   | Reached skill level 17 in Bows
 21531 | Lair:5   | Received a gift from Okawaru
 22128 | Lair:6   | Entered Level 6 of the Lair of Beasts
 22128 | Lair:6   | Found a staircase to the Slime Pits.
 22128 | Lair:6   | Found a viscous altar of Jiyva.
 22508 | Lair:6   | Received a gift from Okawaru
 22635 | Lair:6   | Received a gift from Okawaru
 22799 | Lair:6   | Reached ****** piety under Okawaru
 23565 | Orc:1    | Entered Level 1 of the Orcish Mines
 23574 | Orc:1    | Noticed Erica
 23577 | Orc:1    | Killed Erica
 23694 | Orc:1    | Found a roughly hewn altar of Beogh.
 23841 | Orc:1    | Found Losuf's Antique Weapon Shoppe.
 24055 | Orc:2    | Entered Level 2 of the Orcish Mines
 24397 | Orc:2    | Reached skill level 18 in Bows
 24678 | Orc:2    | Reached XP level 15. HP: 139/139 MP: 15/15
 24744 | Orc:2    | Found a staircase to the Elven Halls.
 24916 | Orc:2    | Noticed an orc warlord
 24991 | Orc:2    | Killed an orc warlord
 25374 | Orc:2    | Found a roughly hewn altar of Beogh.
 25475 | Orc:2    | Found Vatudar's Assorted Antiques.
 25602 | Orc:2    | Lost mutation: Your mind is acute. (Int +2) [a neqoxec]
 25611 | Orc:2    | Found Puicwiamm's Food Shop.
 25975 | Orc:2    | Found a roughly hewn altar of Beogh.
 26079 | Orc:2    | Received a gift from Okawaru
 26088 | Orc:2    | Found Damaguru's Food Boutique.
 26102 | Orc:2    | Found Womab's Food Shop.
 26456 | Orc:2    | Received a gift from Okawaru
 26968 | Snake:1  | Entered Level 1 of the Snake Pit
 27284 | Snake:1  | Reached skill level 10 in Dodging
 27549 | Snake:1  | Reached skill level 15 in Fighting
 27745 | Snake:2  | Received a gift from Okawaru
 28237 | Snake:2  | Noticed a nagaraja
 28241 | Snake:2  | Killed a nagaraja
 28241 | Snake:2  | Received a gift from Okawaru
 28438 | Snake:2  | Reached skill level 19 in Bows
 28504 | Snake:2  | You fall through a shaft!
 28718 | Snake:3  | Noticed Jorgrun
 28726 | Snake:3  | Killed Jorgrun
 28726 | Snake:3  | Reached skill level 10 in Armour
 28764 | Snake:2  | Reached XP level 16. HP: 115/149 MP: 16/16
 29889 | Snake:3  | Found a bloodstained altar of Trog.
 29945 | Snake:3  | Got a sparkling platinum amulet
 30086 | Snake:3  | Identified the amulet of Rotolip {Inacc Str+3 Int+4 SInv} (You found it on level 3 of the Snake Pit)
 30457 | Snake:3  | Received a gift from Okawaru
 30882 | Snake:4  | Entered Level 4 of the Snake Pit
 30960 | Snake:4  | Received a gift from Okawaru
 31080 | Snake:4  | Received a gift from Okawaru
 31167 | Snake:4  | Received a gift from Okawaru
 31200 | Snake:4  | Got a crude great mace {god gift}
 31531 | Snake:4  | Noticed Kenran's ghost (adept MiVM)
 31544 | Snake:4  | Killed Kenran's ghost
 31820 | Snake:4  | Reached skill level 20 in Bows
 31966 | Snake:4  | HP: 4/151 [naga sharpshooter/bolt (11)]
 31966 | Snake:4  | Shot with a bolt by a naga sharpshooter

Skill      XL: |  1  2  3  4  5  6  7  8  9 10 11 12 13 14 15 16 |
---------------+-------------------------------------------------+-----
Bows           | 6 7 8 10 11 12 13 14 15 16 18 19 20 | 20.0
Fighting       | 3 4 5 7 8 9 10 11 12 13 14 15 16 | 16.0
Maces & Flails | 2 4 6 |  6.0
Armour         | 2 3 5 6 7 9 10 | 10.9
Dodging        | 3 4 5 7 8 9 10 11 | 11.3
Stealth        | |  0.4

Action                   |  1- 3 |  4- 6 |  7- 9 | 10-12 | 13-15 | 16-18 || total
-------------------------+-------+-------+-------+-------+-------+-------++-------
Melee: Short sword       |   121 |       |       |       |       |       ||   121
       Kick              |    27 |    31 |   120 |    49 |     4 |       ||   231
       Mace              |     7 |    89 |    35 |       |       |       ||   131
       Dagger            |       |    36 |     8 |       |       |       ||    44
       Staff             |       |     9 |    70 |       |       |       ||    79
       Whip              |       |       |   125 |       |       |       ||   125
       Morningstar       |       |       |   107 |   187 |     6 |       ||   300
 Fire: Shortbow          |     3 |    37 |    41 |   342 |       |       ||   423
       Longbow           |       |       |       |   269 |  1176 |   386 ||  1831
Invok: Heroism           |       |       |     2 |     6 |    11 |     1 ||    20
 Abil: Evoke Flight      |       |       |       |       |     2 |       ||     2
Evoke: Wand              |       |       |       |       |     2 |       ||     2
  Use: Potion            |     1 |       |     6 |       |       |     2 ||     9
       Scroll            |       |     5 |     3 |     9 |    18 |     2 ||    37
  Eat: Chunk             |     1 |     6 |    10 |    17 |     8 |     1 ||    43
       Bread ration      |       |       |     1 |     2 |     1 |     1 ||     5
       Beef jerky        |       |       |       |     1 |     2 |     1 ||     4
       Meat ration       |       |       |       |     1 |     1 |       ||     2
       Royal jelly       |       |       |       |     1 |     3 |       ||     4
       Fruit             |       |       |       |       |     3 |       ||     3
       Pizza             |       |       |       |       |     1 |       ||     1
Armor: Leather armour    |    55 |    71 |    58 |       |       |       ||   184
       Scale mail        |       |       |   139 |   210 |       |       ||   349
       Ring mail         |       |       |       |     8 |   163 |    64 ||   235
Dodge: Dodged            |    54 |    78 |   146 |   174 |   204 |    76 ||   732
